 Dungeon Crawl Stone Soup version 0.27-a0-394-g49c82dfaf2 (webtiles) character file.

Game seed: 8184285647607559173

17965 willcat the Thaumaturge (level 12, -9/88 HPs)
             Began as a Mummy Fighter on Feb 20, 2021.
             Was an Initiate of Gozag.
             Mangled by an orc warrior
             ... wielding a +0 trident
              (13 damage)
             ... on level 1 of the Orcish Mines on Feb 21, 2021.
             The game lasted 00:20:08 (16512 turns).

willcat the Thaumaturge (Mummy Fighter)            Turns: 16512, Time: 00:20:09

Health: -9/88      AC: 16    Str: 20    XL:     12   Next: 23%
Magic:  24/24      EV: 13    Int: 15    God:    Gozag
Gold:   2932       SH: 11    Dex: 15    Spells: 24/28 levels left

rFire    . . .     SeeInvis .   s - +7 morningstar "Asuhilaklu" {vamp, rC+ Int+5 Dex+2}
rCold    + + .     Faith    .   c - +0 kite shield
rNeg     + + +     Spirit   .   o - +1 ring mail {rF+}
rPois    ∞         Reflect  .   (no helmet)
rElec    .         Harm     .   p - +0 cloak
rCorr    .         Rampage  .   D - +2 pair of gloves
Will     +....                  (no boots)
Stlth    +.........             (no amulet)
HPRegen  0.24/turn              g - +4 ring of protection
MPRegen  0.19/turn              A - +4 ring of evasion

@: about to teleport, grasped by roots, constricted
A: no potions, fire vulnerability, cold resistance 1, negative energy resistance
3, torment resistance, unbreathing
a: Renounce Religion, Potion Petition, Call Merchant, Bribe Branch


You were on level 1 of the Orcish Mines.
You worshipped Gozag.
Gozag was most pleased with you.
You visited 3 branches of the dungeon, and saw 14 of its levels.
You also visited: Ossuary.

You collected 3132 gold pieces.
You paid 200 gold pieces to Gozag.

Inventory:

Hand Weapons
 l - a +4 dagger of venom
 s - the +7 morningstar "Asuhilaklu" (weapon) {vamp, rC+ Int+5 Dex+2}
   (You found it on level 6 of the Dungeon)

   It inflicts no extra harm, but heals its wielder when it wounds a living foe.
   It affects your intelligence (+5).
   It affects your dexterity (+2).
   It protects you from cold.
 v - the +7 long sword of Duty {vamp, *Rage rF+ Str+2 Dex+8}
   (You found it on level 8 of the Dungeon)

   It inflicts no extra harm, but heals its wielder when it wounds a living foe.
   It affects your strength (+2).
   It affects your dexterity (+8).
   It protects you from fire.
   It may make you go berserk in combat.
Armour
 c - a +0 kite shield (worn)
 o - a +1 ring mail of fire resistance (worn)
 p - a +0 cloak (worn)
 D - a +2 pair of gloves (worn)
Jewellery
 g - a +4 ring of protection (left hand)
 h - an amulet of the acrobat
 n - a +4 ring of protection
 q - a +6 ring of intelligence
 t - a ring of willpower
 A - a +4 ring of evasion (right hand)
Wands
 b - a wand of acid (6)
 y - a wand of paralysis (3)
 z - a wand of iceblast (16)
Scrolls
 a - a scroll of holy word
 d - 4 scrolls of identify
 e - a scroll of enchant weapon
 f - 8 scrolls of teleportation
 i - 2 scrolls of fear
 j - 3 scrolls of fog
 k - 3 scrolls of amnesia
 m - 2 scrolls of magic mapping
 r - 2 scrolls of blinking
 u - 2 scrolls of enchant armour
 w - a scroll of silence
 x - a scroll of vulnerability
Miscellaneous
 B - a lightning rod (1/4)


   Skills:
 - Level 6.1 Fighting
 - Level 3.4 Short Blades
 + Level 6.2 Maces & Flails
 - Level 2.2 Polearms
 + Level 8.0 Armour
 - Level 5.0 Dodging
 + Level 8.0 Shields
 + Level 8.6 Spellcasting
 - Level 2.1 Poison Magic
 + Level 5.3 Evocations


You had 24 spell levels left.
You knew the following spells:

 Your Spells              Type           Power        Failure   Level
a - Olgreb's Toxic Radia  Pois           13%          86%         4

Your spell library contained the following spells:

 Spells                   Type           Power        Failure   Level
 Sting                    Tmut/Pois      36%          28%         1
 Poisonous Vapours        Pois/Air       18%          38%         2
 Corona                   Hex            6%           41%         1
 Sandblast                Erth           12%          41%         1
 Shock                    Conj/Air       24%          41%         1
 Passwall                 Tmut/Erth      5%           54%         2
 Slow                     Hex            6%           54%         2
 Swiftness                Air            6%           54%         2
 Ignite Poison            Fire/Tmut/Pois 8%           67%         3
 Mephitic Cloud           Conj/Pois/Air  8%           67%         3
 Conjure Flame            Conj/Fire      6%           78%         3
 Inner Flame              Hex/Fire       6%           78%         3
 Portal Projectile        Hex/Tloc       12%          78%         3
 Static Discharge         Conj/Air       6%           78%         3
 Stone Arrow              Conj/Erth      12%          78%         3
 Airstrike                Air            3%           99%         4
 Cause Fear               Hex            3%           99%         4
 Leda's Liquefaction      Hex/Erth       3%           99%         4
 Petrify                  Tmut/Erth      6%           99%         4
 Lee's Rapid Deconstruct  Erth           3%           100%        5
 Lightning Bolt           Conj/Air       3%           100%        5
 Freezing Cloud           Conj/Ice/Air   3%           100%        6


Dungeon Overview and Level Annotations

Branches:
Dungeon (12/15)            Temple (1/1) D:5            Lair (0/6) D:9
    Orc (1/2) D:11        Ossuary (visited)

Altars:
Ashenzari
Cheibriados
Dithmenos
Elyvilon
Fedhas
Gozag
Hepliaklqana
Kikubaaqudgha
Makhleb
Nemelex Xobeh
Okawaru
Qazlal
Ru
Sif Muna
Trog
Vehumet
Wu Jian
Xom
Yredelemnul
Zin
The Shining One

Shops:
D:12 !

Annotations:
D:8 1 runed translucent door, garrulousMonolith's ghost, novice HOFi
Orc:1 Jorgrun


Innate Abilities, Weirdness & Mutations

You do not drink.
Your flesh is vulnerable to fire.
You are immune to poison.
Your flesh is cold resistant. (rC+)
You are immune to negative energy. (rN+++)
You are immune to unholy pain and torment.
You can survive without breathing.


Message History

You closely miss Jorgrun.
Jorgrun is lightly wounded.
The orc warrior closely misses you.
Jorgrun points at you and mumbles some strange words.
The iron shot misses you. The grasping roots constrict you!
Unknown command.
Aiming: Paralyse
Press: ? - help, Shift-Dir - straight line, f - Jorgrun
Aim: Jorgrun, wielding a staff of earth and wearing a +0 robe of fire resistance (lightly wounded, chance to affect: 1%)
Okay, then.
As you read the scroll of teleportation, it crumbles to dust.
You feel strangely unstable.
An orc priest comes into view. It is wielding a +0 club.
The orc warrior misses you. Jorgrun casts a spell at you.
The iron shot hits you!!
* * * LOW HITPOINT WARNING * * *
x2 The grasping roots constrict you!
You hear a shout! [a] - 120 gold - heal wounds [b] - 609 gold - resistance, might, haste and heal wounds [c] - 336 gold - heal wounds, curing and magic Purchase which effect?
You no longer have enough gold to bribe branches to halt enemies' attacks and recruit allies.
You feel much better.
The orc is no longer distracted by gold.
Jorgrun hits you but does no damage. Jorgrun shatters you.
* * * LOW HITPOINT WARNING * * *
The grasping roots constrict you!
The orc warrior hits you but does no damage.
Unknown command.
Unknown command.
The roots' grasp on you weakens, but your attempt to escape fails.
An orc warrior comes into view. It is wielding a +0 battleaxe.
Jorgrun hits you with a staff of earth.
* * * LOW HITPOINT WARNING * * *
x2 The grasping roots constrict you!
The orc warrior hits you from afar with a +0 trident!
You die...
Your body crumbles into a pile of gold.

##.#.#............
#...........#....#
##..........#...$#
##...............# $
####.#.#...........#
###.##...#..oooo....# ..
##..##.......oOo$....# .....
###......T#.##o#g###...# .....
#....#....###.g#@#.#...####....
#....##<..##...8.#.#...##....#
#...##....#....#.#.#....#...#
....###.#....#.#.8.#.#.....######
#..###......##.#.#.##.#.#....#.#.
#.......... #.8.#.###...........
###.....#.# #.#.#.#..#.#........
##.....#### #.#.8.#...#.#.#.....
.##.......# #.#.#.#....####.....


You could see Jorgrun, 2 orc warriors, an ogre, an orc priest and 3 orcs.

Vanquished Creatures
  Harold (Orc:1)
  Erica (D:10)
  2 centaur warriors (D:12)
  2 unseen horrors
  Pikel (D:4)
  4 ugly things
  A cyclops (D:12)
  A gargoyle (D:12)
  A centaur skeleton (D:11)
  4 trolls
  A vampire (D:12)
  2 shadows (D:11)
  17 yaks
  A wyvern (D:11)
  2 wraiths
  2 acid dragons
  2 wargs (Orc:1)
  2 orc warriors
  4 sky beasts
  5 ogres
  2 necrophages (D:9)
  3 centaurs
  A lemure (D:4)
  2 kobold brigands
  6 phantoms
  3 elf zombies (Ossuary)
  6 bullfrogs
  2 wyvern zombies (D:9)
  3 troll zombies (D:11)
  13 killer bees
  A water moccasin skeleton (D:9)
  14 wights
  4 bullfrog zombies
  5 centaur zombies
  A quasit (D:8)
  6 hounds
  4 jellies
  A human zombie (Ossuary)
  6 orc priests
  Crazy Yiuf (D:4)
  3 bullfrog skeletons
  4 iguanas
  8 orc wizards
  11 worker ants
  5 ogre zombies (D:11)
  A hound skeleton (D:8)
  A hound zombie (D:7)
  2 mummies (Ossuary)
  A worker ant zombie (D:10)
  3 gnolls
  15 adders
  3 shadow imps
  2 white imps
  3 ufetubi
  An ooze (D:4)
  An adder zombie (D:9)
  2 adder skeletons
  4 worms
  8 leopard geckos
  47 orcs
  7 bats
  5 giant cockroaches
  4 goblins
  9 hobgoblins
  5 jackals
  4 quokkas
  7 frilled lizards
  A giant cockroach zombie (D:5)
  2 goblin skeletons (D:11)
  6 goblin zombies
  A hobgoblin skeleton (D:11)
  11 hobgoblin zombies
  A jackal zombie (Ossuary)
  26 kobolds
  11 kobold zombies (Ossuary)
  An orc skeleton (D:11)
  25 orc zombies
  8 rats
399 creatures vanquished.

Notes
Turn   | Place    | Note
-------+----------+-------------------------------------------
     0 | D:1      | willcat the Mummy Fighter began the quest for the Orb.
     0 | D:1      | Reached XP level 1. HP: 18/18 MP: 1/1
   168 | D:1      | Reached XP level 2. HP: 24/24 MP: 2/2
   919 | D:2      | Reached XP level 3. HP: 22/29 MP: 3/3
  1145 | D:2      | Reached skill level 1 in Dodging
  1485 | D:2      | Reached XP level 4. HP: 33/35 MP: 4/4
  1605 | D:2      | Found a snail-covered altar of Cheibriados.
  2240 | D:3      | Reached XP level 5. HP: 36/42 MP: 5/5
  2547 | D:3      | Found a hazy altar of Hepliaklqana.
  3293 | D:4      | Reached skill level 1 in Short Blades
  3337 | D:4      | Noticed a phantom
  3533 | D:4      | Found an ancient bone altar of Kikubaaqudgha.
  3544 | D:4      | Reached XP level 6. HP: 36/48 MP: 6/6
  3638 | D:4      | Found a runed translucent door.
  3639 | D:4      | Noticed Crazy Yiuf
  3652 | D:4      | Killed Crazy Yiuf
  4768 | D:5      | Entered Level 5 of the Dungeon
  4768 | D:5      | Noticed a sky beast
  4788 | D:4      | Killed a sky beast
  4789 | D:4      | Reached XP level 7. HP: 51/55 MP: 7/7
  4801 | D:5      | Noticed Pikel
  4879 | D:4      | Killed Pikel
  4880 | D:4      | Reached skill level 5 in Fighting
  4893 | D:5      | Reached XP level 8. HP: 51/62 MP: 8/8
  4933 | D:5      | Found a staircase to the Ecumenical Temple.
  4984 | Temple   | Entered the Ecumenical Temple
  4998 | Temple   | Became a worshipper of Gozag Ym Sagoz the Greedy
  5347 | D:5      | Found a sand-covered staircase.
  5356 | Ossuary  | Entered an ossuary
  6697 | D:5      | Found a sparkling altar of Nemelex Xobeh.
  7254 | D:6      | Got a twisted morningstar
  7256 | D:6      | Got a bloodstained quarterstaff
  7258 | D:6      | Identified the +7 morningstar "Asuhilaklu" {vamp, rC+ Int+5
                  | Dex+2} (You found it on level 6 of the Dungeon)
  7259 | D:6      | Identified the +10 quarterstaff of Pinutt {holy, rPois rF-
                  | Dex+2 Stlth+} (You found it on level 6 of the Dungeon)
  7394 | D:6      | Found a glowing silver altar of Zin.
  7707 | D:6      | Reached skill level 1 in Maces & Flails
  7707 | D:6      | Reached skill level 5 in Armour
  7816 | D:6      | Reached skill level 5 in Shields
  7924 | D:6      | Learned a level 4 spell: Olgreb's Toxic Radiance
  7948 | D:6      | Found an iron altar of Okawaru.
  8054 | D:7      | Reached XP level 9. HP: 69/69 MP: 9/9
  8261 | D:7      | Reached skill level 1 in Spellcasting
  8399 | D:7      | Reached skill level 1 in Poison Magic
  9074 | D:8      | Found a basalt altar of Yredelemnul.
  9138 | D:8      | Got a steaming long sword
  9139 | D:8      | Identified the +7 long sword of Duty {vamp, *Rage rF+ Str+2
                  | Dex+8} (You found it on level 8 of the Dungeon)
  9156 | D:8      | Found a runed translucent door.
  9157 | D:8      | Noticed garrulousMonolith's ghost (novice HOFi)
  9429 | D:8      | Found a glowing golden altar of the Shining One.
  9956 | D:9      | Found a staircase to the Lair.
 10028 | D:9      | Found a shimmering blue altar of Sif Muna.
 10206 | D:9      | Reached skill level 5 in Dodging
 10710 | D:9      | Found a shadowy altar of Dithmenos.
 10797 | D:9      | Reached XP level 10. HP: 71/76 MP: 15/15
 11004 | D:10     | Entered Level 10 of the Dungeon
 11018 | D:10     | Reached skill level 1 in Evocations
 11064 | D:10     | Noticed Erica
 11094 | D:10     | Killed Erica
 11271 | D:10     | Noticed a brown ugly thing
 11282 | D:10     | Killed a brown ugly thing
 11311 | D:10     | Killed an unseen horror
 11312 | D:10     | Reached skill level 5 in Spellcasting
 12661 | D:10     | Reached XP level 11. HP: 34/81 MP: 20/20
 13019 | D:11     | Found a staircase to the Orcish Mines.
 13388 | D:11     | Noticed a green ugly thing
 13389 | D:11     | Noticed a white ugly thing
 13397 | D:11     | Killed a green ugly thing
 13398 | D:11     | Reached skill level 5 in Maces & Flails
 13398 | D:11     | Killed a green ugly thing
 13945 | D:11     | Noticed a white ugly thing
 13964 | D:11     | Killed a white ugly thing
 14362 | D:12     | Noticed a centaur warrior
 14385 | D:12     | Killed a centaur warrior
 14532 | D:12     | Noticed a centaur warrior
 14550 | D:12     | Killed a centaur warrior
 15160 | D:12     | Killed an unseen horror
 15161 | D:12     | Reached skill level 5 in Evocations
 15161 | D:12     | Reached XP level 12. HP: 62/88 MP: 24/24
 15790 | D:12     | Found Eturghep's Distillery.
 16236 | Orc:1    | Entered Level 1 of the Orcish Mines
 16322 | Orc:1    | Found a flagged portal.
 16484 | Orc:1    | Noticed Harold
 16497 | Orc:1    | Killed Harold
 16500 | Orc:1    | Noticed Jorgrun
 16512 | Orc:1    | HP: 4/88 [Jorgrun/staff of earth (16)]
 16512 | Orc:1    | Mangled by an orc warrior

Illustrated notes

Levels and vault maps discovered:
D:1:      psy_arrival_conway, layout_loops_ring
D:2:      layout_basic, overflow_temple_1_default, hex_medium
D:3:      layout_basic, lemuel_crystal_altar, serial_co_window_serial,
          co_window_paths_b, co_window_paths_b, co_window_of_opportunity_a,
          co_window_paths_a, co_window_paths_b, co_window_paths_a,
          co_window_broadway_a, co_window_2corner, co_window_unsneaky_path_e,
          co_window_sun, co_window_paths_e, glass_columns_a, glass_columns_a,
          glass_columns_a, glass_columns_b, glass_columns_c
D:4:      layout_loops_corners, lemuel_crystal_altar, minmay_pentangle,
          uniq_crazy_yiuf_cottage
D:5:      layout_basic, nemelex_altar_shiori, temple_pool_b,
          nicolae_ossuary_entry_monument, lemuel_flamethrower_2, uniq_pikel
D:6:      layout_gridville, general_overflow_altar, lemuel_round_altar,
          hangedman_decor_riveting, minivault_10
D:7:      layout_cave_pods
D:8:      layout_basic, tso_oasis_becter, hellmonk_ghost_happy_afterlife,
          amcnicky_mini_corridor_feature, yredelemnul_altar_generic
D:9:      layout_long_grid, led_sif_pool, lemuel_doored_altar,
          dpeg_oklobed_lair, serial_undead, serial_undead_c, serial_undead_a,
          serial_undead_b, serial_undead_a, serial_undead_e, serial_undead_e
D:10:     layout_layer_cave, uniq_erica
D:11:     layout_roguey, zombieorc2_lemuel
D:12:     layout_stronghold, serial_shops, nicolae_shop_window_shopping
Temple:   cyrus_circular_temple
Orc:1:    layout_diamond_mine, enter_bailey_8, uniq_jorgrun, uniq_harold

Skill      XL: |  1  2  3  4  5  6  7  8  9 10 11 12 |
---------------+-------------------------------------+-----
Polearms       | 2 |  2.2
Dodging        | 1 2 3 4 5 |  5.0
Armour         | 3 4 5 6 7 8 |  8.0
Shields        | 3 4 5 6 7 8 |  8.0
Short Blades   | 1 2 3 |  3.4
Fighting       | 4 5 6 |  6.1
Maces & Flails | 1 3 4 5 6 |  6.2
Spellcasting   | 3 6 8 |  8.6
Poison Magic   | 2 |  2.1
Evocations     | 3 5 |  5.3

Action                   |  1- 3 |  4- 6 |  7- 9 | 10-12 || total
-------------------------+-------+-------+-------+-------++-------
Melee: Trident           |   127 |    54 |       |       ||   181
       Dagger            |       |   149 |   420 |       ||   569
       Morningstar       |       |       |   246 |   686 ||   932
Invok: Potion Petition   |       |       |       |     1 ||     1
Evoke: Lightning rod     |       |       |       |     6 ||     6
       Wand              |       |       |       |     2 ||     2
  Use: Scroll            |       |       |    18 |     1 ||    19
 Stab: Distracted        |       |       |     4 |     3 ||     7
       Paralysed         |       |       |       |     4 ||     4
Armor: Scale mail        |    46 |    37 |       |       ||    83
       Ring mail         |       |    39 |   313 |   330 ||   682
Dodge: Dodged            |    38 |    52 |   282 |   565 ||   937
Block: Kite shield       |    57 |   104 |   385 |   567 ||  1113

Table legend: (Time is in decaauts)
 A = Elapsed time spent in this place.
 B = Non-inter-level travel time spent in this place.
 C = Inter-level travel time spent in this place.
 D = Time resting spent in this place.
 E = Time spent auto-exploring this place.
 F = Levels seen in this place.
 G = Mean time per level.
                   A        B        C        D        E       F      G
               +--------+--------+--------+--------+--------+-----+--------+
         Total |  17151 |  16734 |    417 |   1946 |  10600 |  15 | 1143.4 |
       Dungeon |  15816 |  15399 |    417 |   1678 |  10271 |  12 | 1318.0 |
        Temple |    246 |    246 |      0 |    170 |      0 |   1 |  246.0 |
  Orcish Mines |    293 |    293 |      0 |      0 |    128 |   1 |  293.0 |
       Ossuary |    794 |    794 |      0 |     98 |    201 |   1 |  794.0 |
               +--------+--------+--------+--------+--------+-----+--------+

Top non-repeatable levels by time:
    D:12: 2011 daAuts
    D:10: 1976 daAuts
     D:3: 1680 daAuts
    D:11: 1562 daAuts
     D:4: 1528 daAuts
     D:5: 1170 daAuts
     D:9: 1097 daAuts
     D:8: 1079 daAuts
     D:2: 988 daAuts
     D:6: 971 daAuts
     D:7: 952 daAuts
     D:1: 798 daAuts
 Ossuary: 794 daAuts
   Orc:1: 293 daAuts
  Temple: 246 daAuts
